 Dungeon Crawl Stone Soup version 0.30.1-8-g117510f58f (webtiles) character file.

Game seed: 2790085168646829531

6 ChiefBigBeans the Chiller (level 1, -1/14 HPs)
             Began as a Draconian Ice Elementalist on Sept 24, 2023.
             Killed from afar by a dart slug (2 damage)
             ... with a slug dart
             ... on level 1 of the Dungeon.
             The game lasted 00:00:34 (62 turns).

ChiefBigBeans the Chiller (DrIE)                      Turns: 62, Time: 00:00:35

Health: -1/14      AC:  4    Str: 10    XL:     1   Next: 75%
Magic:  1/3        EV: 12    Int: 15    God:
Gold:   0          SH:  0    Dex: 11    Spells: 3/4 levels left

rFire   . . .        c - +0 long sword
rCold   . . .        (no shield)
rNeg    . . .        (body armour unavailable)
rPois   .            (helmet restricted)
rElec   .            (no cloak)
rCorr   .            (no gloves)
SInv    .            (no boots)
Will    .....        (no amulet)
Stlth   ++           (no ring)
HPRegen 0.22/turn    (no ring)
MPRegen 0.08/turn

%: no passive effects
@: no status effects
A: AC +4, unfitting armour, cold-blooded
a: no special abilities


You were on level 1 of the Dungeon.
You visited 1 branch of the dungeon, and saw 1 of its levels.

Inventory:

Hand Weapons
 c - a +0 long sword (weapon)
Potions
 a - a potion of magic
 b - a potion of curing {unknown}


   Skills:
 - Level 1.7 Dodging
 - Level 1.7 Stealth
 + Level 2.2 Spellcasting
 + Level 4.1 Ice Magic


You had 3 spell levels left.
You knew the following spells:

 Your Spells              Type           Power      Damage    Failure   Level
a - Freeze                Ice            56%        1d7       4%          1

Your spell library contained the following spells:

 Spells                   Type           Power      Damage    Failure   Level
 Frozen Ramparts          Ice            28%        1d5       12%         3
 Ozocubu's Armour         Ice            14%        N/A       12%         3
 Summon Ice Beast         Ice/Summ       7%         N/A       67%         4


Dungeon Overview and Level Annotations

Branches:
Dungeon (1/15)

Altars:


Innate Abilities, Weirdness & Mutations

Your plain brown scales are hard. (AC +4)
You cannot fit into any form of body armour.
You are cold-blooded and may be slowed by cold attacks.


Message History

You kill the endoplasm!
The ball python bites you but does no damage.
The ball python barely misses you.
A dart slug comes into view.
The ball python completely misses you. The ball python grabs you.
The ball python constricts you.
You hit the ball python.
The ball python is moderately wounded.
The hobgoblin closely misses you. The ball python closely misses you.
The ball python constricts you. The hobgoblin closely misses you.
The ball python barely misses you. The ball python constricts you.
You closely miss the ball python.
Your tail-slap misses the ball python.
The ball python is moderately wounded.
The ball python bites you but does no damage.
The ball python constricts you. The hobgoblin hits you.
You slash the ball python!
You kill the ball python!
The endoplasm barely misses you. The hobgoblin closely misses you. x2
The endoplasm freezes you.
You are frozen.
Your magical contamination has completely faded away.
You hit the endoplasm.
Your tail-slap misses the endoplasm.
The endoplasm is heavily wounded.
The dart slug launches a dart at you. The slug dart misses you.
The endoplasm hits you. The hobgoblin hits you.
* * * LOW HITPOINT WARNING * * *
You are too injured to fight recklessly!
You hit the endoplasm.
You kill the endoplasm!
The hobgoblin hits you but does no damage.
You slash the hobgoblin!
You kill the hobgoblin!
The dart slug bites you.
* * * LOW HITPOINT WARNING * * *
You see here a ball python corpse.
You hit the dart slug.
The dart slug is severely wounded.
The dart slug launches a dart at you. The slug dart hits you.
You die...

####..... ###.......#
##.........# ##
##..........# ## .##
#...........#...
..###+###..............
..#....#............#.#.
....#...................
..#+####........@w.>..#
.## ##.......†..#..# ##
#..........# #
##....!....#
##.......... .#
###......#.# ##
####...#$# # ###.# #


You could see a dart slug.

Vanquished Creatures
  2 ball pythons (D:1)
  2 endoplasms (D:1)
  A hobgoblin (D:1)
5 creatures vanquished.

Notes
Turn   | Place    | Note
-------+----------+-------------------------------------------
     0 | D:1      | ChiefBigBeans the Draconian Ice Elementalist began the
                  | quest for the Orb.
     0 | D:1      | Reached XP level 1. HP: 14/14 MP: 3/3
    62 | D:1      | Killed from afar by a dart slug

Illustrated notes

Levels and vault maps discovered:
D:1:      dpeg_cavernosity, layout_basic, hellmonk_ecumenical_altar_crossroads

Action                     || total
---------------------------++-------
  Melee: Long sword        ||     8
   Cast: Freeze            ||     2
 Armour: Skin              ||     4
  Dodge: Dodged            ||    10
